 Dungeon Crawl Stone Soup version 0.21-a0-404-g291f19a (webtiles) character file.

24 Ushi the Insei (level 2, -3/23 HPs)
             Began as a Demigod Transmuter on Oct 30, 2017.
             Slain by an adder (5 damage)
             ... on level 2 of the Dungeon.
             The game lasted 00:04:53 (527 turns).

Ushi the Insei (Demigod Transmuter)                  Turns: 527, Time: 00:04:53

Health: -3/23      AC:  2    Str: 13    XL:     2   Next: 60%
Magic:  7/7        EV: 13    Int: 17    God:
Gold:   0          SH:  0    Dex: 16    Spells: 3/4 levels left

rFire    . . .     SeeInvis .   e - +0 mace
rCold    . . .     Gourm    .   (no shield)
rNeg     . . .     Faith    .   b - +0 robe
rPois    .         Spirit   .   (no helmet)
rElec    .         Reflect  .   (no cloak)
rCorr    .         Harm     .   (no gloves)
MR       .....                  (no boots)
Stlth    ++........             (no amulet)
HPRegen  0.07/turn              (no ring)
MPRegen  0.10/turn              (no ring)

@: no status effects
A: high mp 1
a: no special abilities


You were on level 2 of the Dungeon.
You were not hungry.

You visited 1 branch of the dungeon, and saw 2 of its levels.

Inventory:

Hand Weapons
 e - a +0 mace (weapon)
 j - a +0 short sword
Missiles
 a - 12 arrows
 i - 10 bolts
Armour
 b - a +0 robe (worn)
Potions
 h - a potion of curing {unknown}
 k - a potion of brilliance {unknown}
Books
 c - a book of Changes

   Spells                             Type                      Level
   a - Beastly Appendage              Transmutation                1
   b - Sticks to Snakes               Transmutation                2
   c - Spider Form                    Transmutation/Poison         3
   d - Ice Form                       Ice/Transmutation            4
   e - Blade Hands                    Transmutation                5
Comestibles
 d - a bread ration
 f - 2 chunks of flesh


   Skills:
 * Level 1.0 Fighting
 * Level 0.4 Maces & Flails
 + Level 2.0 Dodging
 + Level 0.5 Stealth
 - Level 3.0 Unarmed Combat
 + Level 1.9 Spellcasting
 + Level 1.9 Transmutations


You had 3 spell levels left.
You knew the following spells:

 Your Spells              Type           Power        Failure   Level  Hunger
a - Beastly Appendage     Tmut           #.....       9%          1    #......


Dungeon Overview and Level Annotations

Branches:
Dungeon (2/15)


Innate Abilities, Weirdness & Mutations

You have an increased reservoir of magic. (+10% MP)


Message History

The worm is lightly wounded.
The bat hits you. The worm bites you!
You hit the worm.
The worm is lightly wounded.
The bat misses you. The adder bites you. The bat misses you.
The worm bites you. The bat hits you. The adder barely misses you.
The adder closely misses you. The bat barely misses you.
The adder misses you. x2; The worm bites you.
* * * LOW HITPOINT WARNING * * *
The adder barely misses you. The adder closely misses you.
The bat barely misses you. The adder closely misses you.
The bat closely misses you. The adder bites you.
* * * LOW HITPOINT WARNING * * *
The adder bites you but does no damage. The worm closely misses you.
The bat barely misses you. The adder bites you.
* * * LOW HITPOINT WARNING * * *
The bat closely misses you. The adder bites you but does no damage.
The adder closely misses you. The worm closely misses you. The adder bites you.
You die...

#.#.....#
#.......#### ##.#
####...<....# #..
.........##..##.#
#####....# ...#
#....# #..# #
#....## ##.>##b####
#.....###..........
#####......@w......
#......SS......
#....##########
#....# ######


You could see a worm, 2 adders and a bat.

Vanquished Creatures
  An adder (D:2)
  A leopard gecko (D:1)
  3 bats (D:1)
  A giant cockroach (D:1)
  A frilled lizard (D:1)
  A goblin (D:1)
  5 kobolds (D:1)
13 creatures vanquished.

Notes
Turn   | Place    | Note
-------+----------+-------------------------------------------
     0 | D:1      | Ushi the Demigod Transmuter began the quest for the Orb.
     0 | D:1      | Reached XP level 1. HP: 15/15 MP: 5/5
   117 | D:1      | Reached skill level 3 in Unarmed Combat
   117 | D:1      | Reached XP level 2. HP: 8/22 MP: 5/7
   508 | D:2      | Reached skill level 1 in Fighting
   527 | D:2      | Slain by an adder

Vault maps used:
D:1:      tarquinn_simple_flora_water_d, minmay_ruptured
D:2:      grunt_dithmenos_smoke_and_mirrors, minmay_pentomino_t4, uniq_terence

Skill      XL: |  1  2 |
---------------+-------+-----
Dodging        | 2 |  2.0
Unarmed Combat | 3 |  3.0
Fighting       | 1 |  1.0
Maces & Flails | |  0.4
Stealth        | |  0.5
Spellcasting   | |  1.9
Transmutations | |  1.9

Action                   || total
-------------------------++-------
Melee: Whip              ||    20
       Unarmed           ||    10
       Headbutt          ||     5
       Punch             ||     1
       Mace              ||    18
 Cast: Beastly Appendage ||     5
 Stab: Sleeping          ||     1
Armor: Robe              ||     9
Dodge: Dodged            ||    64

Table legend:
 A = Spawn XP
 B = Non-spawn XP
 C = Spawn XP percentage of total XP
 D = Spawn monster count
 E = Non-spawn monster count
 F = Spawn count percentage of total count
 G = Total turns spent on level
                    A         B        C        D         E        F      G
               +---------+---------+-------+---------+---------+-------+---------
         Total |       0 |      35 |   0.0 |       0 |      13 |   0.0 |   527
               +---------+---------+-------+---------+---------+-------+---------
           D:1 |       0 |      21 |   0.0 |       0 |      12 |   0.0 |   500
           D:2 |       0 |      14 |   0.0 |       0 |       1 |   0.0 |    27
               +---------+---------+-------+---------+---------+-------+---------
